 Dungeon Crawl Stone Soup version 0.24-a0-507-g3e8b2426 (webtiles) character file.

Game seed: 15327212510959020387

46 DinnerBoy7 the Insei (level 3, -1/23 HPs)
             Began as an Octopode Transmuter on July 18, 2019.
             Was a Believer of Jiyva.
             Slain by a shadow imp (2 damage)
             ... summoned by Natasha
             ... on level 3 of the Dungeon.
             The game lasted 00:07:49 (2102 turns).

DinnerBoy7 the Insei (Octopode Transmuter)          Turns: 2102, Time: 00:07:52

Health: -1/23      AC:  1    Str:  9    XL:     3   Next: 66%
Magic:  1/6        EV: 10    Int: 15    God:    Jiyva [**....]
Gold:   87         SH:  7    Dex: 13    Spells: 5/6 levels left

rFire    . . .     SeeInvis .     - Unarmed
rCold    + . .     Gourm    .   e - +0 shield
rNeg     . . .     Faith    .   (helmet restricted)
rPois    .         Spirit   .   (no amulet)
rElec    .         Reflect  .   k - ring of protection from cold
rCorr    .         Harm     .   (no ring)
MR       .....                  (no ring)
Stlth    +++.......             (no ring)
HPRegen  0.07/turn              (no ring)
MPRegen  0.10/turn              (no ring)
                                (no ring)
                                (no ring)

@: very slightly contaminated, slowed, very slow
A: almost no armour, stealthy swim, amphibious, 8 rings, constrict 8, camouflage
1, gelatinous body 1
a: Request Jelly, Renounce Religion


You were on level 3 of the Dungeon.
You worshipped Jiyva.
Jiyva was pleased with you.
You were not hungry.

You visited 1 branch of the dungeon, and saw 3 of its levels.

You collected 87 gold pieces.

Inventory:

Missiles
 a - 12 arrows
Armour
 e - a +0 shield (worn)
 g - a +2 pair of gloves
Jewellery
 k - a ring of protection from cold (left tentacle)
Scrolls
 d - 4 scrolls of identify {unknown}
 f - a scroll of enchant armour {unknown}
 i - a scroll of teleportation {unknown}
 j - a scroll of remove curse {unknown}
Potions
 b - 2 potions of agility {unknown}
 h - 3 potions of curing {unknown}
 l - a potion of flight {unknown}
Comestibles
 c - 4 rations


   Skills:
 + Level 1.0 Fighting
 + Level 2.0 Dodging
 + Level 1.0 Stealth
 + Level 0.9 Shields
 * Level 4.0 Unarmed Combat
 + Level 2.1 Spellcasting
 + Level 2.1 Transmutations


You had 5 spell levels left.
You knew the following spells:

 Your Spells              Type           Power        Failure   Level  Hunger
a - Beastly Appendage     Tmut           #.....       50%         1    #......

Your spell library contained the following spells:

 Spells                   Type           Power        Failure   Level  Hunger
 Sticks to Snakes         Tmut           #.......     63%         2    ###....
 Spider Form              Tmut/Pois      #.........   95%         3    ###....
 Ice Form                 Ice/Tmut       #.......     100%        4    #####..
 Blade Hands              Tmut           #.........   100%        5    ######.


Dungeon Overview and Level Annotations

Branches:
Dungeon (3/15)

Altars:
Jiyva

Annotations:
D:3 Natasha


Innate Abilities, Weirdness & Mutations

You cannot wear most types of armour.
You are very stealthy in the water. (Stealth+)
You are amphibious.
You can wear up to eight rings at the same time.
You can use your tentacles to constrict eight enemies at once.
Your skin changes colour to match your surroundings (Stealth+).
Your rubbery body absorbs attacks. (AC +1, EV +1)


Message History

Natasha barely misses you. The rat bites you.
Natasha mumbles some strange words.
The giant cockroach bites you.
You closely miss Natasha. Your grab misses Natasha.
Natasha is heavily wounded.
The giant cockroach closely misses you. You block the rat's attack.
You hear a slurping noise.
You feel a little less hungry. You block Natasha's attack.
The giant cockroach barely misses you. The rat bites you.
Natasha wildly gestures.
You feel disoriented. Natasha closely misses you.
You tentacle-slap Natasha. You grab Natasha.
Natasha is severely wounded.
You constrict Natasha. The giant cockroach closely misses you.
The shadow imp gestures at you. Pain shoots through your body!
You block the rat's attack. Natasha claws you!
* * * LOW HITPOINT WARNING * * *
You block the giant cockroach's attack. The shadow imp hits you.
You die...

..........#
..........#
#........#
#........#
#........#
#........#
#.J..rhs.#
#....5@..#
#......<.#
......J...#
?#S.......#
#........#
#.#####+##
#. #


You could see Natasha, an adder (sleeping), a shadow imp, a giant cockroach, a
rat and 2 neutral jellies (fellow slime).

Vanquished Creatures
  2 adders (D:2)
  A worm (D:2)
  A dart slug (D:1)
  A leopard gecko (D:1)
  A giant cockroach (D:2)
  A goblin (D:1)
  4 hobgoblins
  2 jackals (D:1)
  A ball python (D:1)
  5 frilled lizards
  2 kobolds
  4 rats
25 creatures vanquished.

Vanquished Creatures (others)
  An adder (D:2)
  A worm (D:2)
  A dart slug (D:2)
  2 goblins (D:2)
  A hobgoblin (D:1)
  2 kobolds (D:2)
  3 rats (D:2)
11 creatures vanquished.

Grand Total: 36 creatures vanquished

Notes
Turn   | Place    | Note
-------+----------+-------------------------------------------
     0 | D:1      | DinnerBoy7 the Octopode Transmuter began the quest for the
                  | Orb.
     0 | D:1      | Reached XP level 1. HP: 13/13 MP: 3/3
   174 | D:1      | Reached XP level 2. HP: 16/18 MP: 5/5
   641 | D:1      | You fall into a shaft and drop 1 floor!
   742 | D:2      | Found a faded altar of an unknown god.
   745 | D:2      | Became a worshipper of Jiyva Jotzaog the Shapeless
   745 | D:2      | Reached * piety under Jiyva
  1342 | D:2      | Reached XP level 3. HP: 6/23 MP: 3/6
  1492 | D:2      | Reached ** piety under Jiyva
  1562 | D:2      | Reached skill level 1 in Stealth
  1562 | D:2      | Reached skill level 4 in Unarmed Combat
  2093 | D:3      | Noticed Natasha
  2102 | D:3      | HP: 1/23 [Natasha (7)]
  2102 | D:3      | Slain by a shadow imp

Levels and vault maps discovered:
D:1:      lightli_arrival_boilingwater, layout_rooms, minmay_pentomino_t4
D:2:      layout_basic, chequers_ecumenical_altar_twisty
D:3:      layout_basic, uniq_natasha, uniq_jessica

Skill      XL: |  1  2  3 |
---------------+----------+-----
Stealth        | 1 |  1.0
Unarmed Combat | 4 |  4.0
Fighting       | |  1.0
Dodging        | |  2.0
Shields        | |  0.9
Spellcasting   | |  2.1
Transmutations | |  2.1

Action                   || total
-------------------------++-------
Melee: Unarmed           ||    69
       Constrict         ||    20
       Tentacles         ||    14
       Punch             ||     1
Invok: Request Jelly     ||     4
 Stab: Sleeping          ||     3
  Eat: Ration            ||     1
Armor: Skin              ||     7
Dodge: Dodged            ||    34
Block: Shield            ||    20

Table legend:
 A = Non-vault XP
 B = Vault XP
 C = Vault XP percentage of total XP
 D = Non-vault monster count
 E = Vault monster count
 F = Vault count percentage of total count
                 A         B        C        D         E       F
            +---------+---------+-------+---------+---------+-------
      Total |      60 |       6 |   9.1 |      23 |       2 |   8.0
            +---------+---------+-------+---------+---------+-------
        D:1 |      21 |       6 |  22.2 |      14 |       2 |  12.5
        D:2 |      39 |       0 |   0.0 |       9 |       0 |   0.0
            +---------+---------+-------+---------+---------+-------
